 Dungeon Crawl Stone Soup version 0.27-a0-1529-g1e82c303ef (webtiles) character file.

Game seed: 17915218036840038527

17 Lanoc the Stinger (level 2, -2/19 HPs)
             Began as a Formicid Venom Mage on July 11, 2021.
             Slain by an adder (3 damage)
             ... on level 2 of the Dungeon.
             The game lasted 00:01:03 (904 turns).

Lanoc the Stinger (Formicid Venom Mage)              Turns: 904, Time: 00:01:03

Health: -2/19      AC:  2    Str: 12    XL:     2   Next: 80%
Magic:  1/5        EV: 12    Int: 14    God:
Gold:   18         SH:  0    Dex: 11    Spells: 4/5 levels left

rFire    . . .     SeeInvis +   (no weapon)
rCold    . . .     Faith    .   (no shield)
rNeg     . . .     Spirit   .   a - +0 robe
rPois    .         Reflect  .   (helmet unavailable)
rElec    .         Harm     .   (no cloak)
rCorr    .         Rampage  .   (no gloves)
Will     .....                  (no boots)
Stlth    ++........             (no amulet)
HPRegen  0.06/turn              (no ring)
MPRegen  0.09/turn              (no ring)

@: very slightly contaminated
A: permanent stasis, dig shafts and tunnels, antennae 3, four strong arms
a: Dig, Shaft Self


You were on level 2 of the Dungeon.
You visited 1 branch of the dungeon, and saw 2 of its levels.

You collected 18 gold pieces.

Inventory:

Armour
 a - a +0 robe (worn)
Scrolls
 b - 2 scrolls of noise {unknown}


   Skills:
 + Level 2.1 Dodging
 - Level 2.4 Stealth
 - Level 2.1 Spellcasting
 - Level 1.1 Transmutations
 * Level 4.8 Poison Magic


You had 4 spell levels left.
You knew the following spells:

 Your Spells              Type           Power      Damage    Failure   Level
a - Sting                 Tmut/Pois      36%        1d4       7%          1

Your spell library contained the following spells:

 Spells                   Type           Power      Damage    Failure   Level
 Poisonous Vapours        Pois/Air       16%        N/A       13%         2
 Olgreb's Toxic Radiance  Pois           15%        N/A       32%         4
 Mephitic Cloud           Conj/Pois/Air  6%         N/A       36%         3


Dungeon Overview and Level Annotations

Branches:
Dungeon (2/15)

Altars:


Innate Abilities, Weirdness & Mutations

You cannot be hasted, slowed, berserked, paralysed or teleported.
You can dig through walls and to a lower floor.
You have a pair of large antennae on your head. (SInv)
Your four strong arms can wield two-handed weapons with a shield.


Message History

The adder is lightly wounded.
The adder hisses angrily.
Casting: Sting (safe; 7% risk of failure)
Confirm with . or Enter, or press ? or * to list all spells.
Aiming: Sting (safe; 7% risk of failure)
Press: ? - help, Shift-Dir - straight line, f/p - adder
Aim: an adder (moderately wounded, poisoned, 48% to hit)
You miscast Sting.
You are very lightly contaminated with residual magic.
Nothing appears to happen.
The adder closely misses you.
Casting: Sting (safe; 7% risk of failure)
Confirm with . or Enter, or press ? or * to list all spells.
Aiming: Sting (safe; 7% risk of failure)
Press: ? - help, Shift-Dir - straight line, f/p - adder
Aim: an adder (moderately wounded, poisoned, 48% to hit)
You miscast Sting.
Nothing appears to happen.
The kobold shouts!
The adder bites you.
You are poisoned.
The adder poisons you!
Casting: Sting (safe; 7% risk of failure)
Confirm with . or Enter, or press ? or * to list all spells.
Aiming: Sting (safe; 7% risk of failure)
Press: ? - help, Shift-Dir - straight line, f/p - adder
Aim: an adder (heavily wounded, poisoned, 48% to hit)
You miscast Sting.
Nothing appears to happen.
You feel sick. The adder bites you.
You feel sick. The adder bites you. The adder closely misses you.
You see here a rat corpse.
You feel sick.
You feel sick. The adder bites you.
* * * LOW HITPOINT WARNING * * *
You aren't carrying any potions.
You closely miss the adder.
The adder is severely wounded.
* * * LOW HITPOINT WARNING * * *
You feel sick.
You are no longer poisoned.
The adder looks more healthy.
The adder bites you.
You die...

##############
#.............
#.# #@# #.# #S# #
##.####†#.# #.
#...K.K...#
#.##..#.###..#
#.......# ..#
####..#..#####..#
.............#..#
...K..#..........


You could see an adder and a kobold.

Vanquished Creatures
  An adder (D:2)
  A giant cockroach (D:1)
  A goblin (D:1)
  A ball python (D:1)
  A bat (D:1)
  A frilled lizard (D:1)
  2 kobolds (D:2)
  3 rats
11 creatures vanquished.

Notes
Turn   | Place    | Note
-------+----------+-------------------------------------------
     0 | D:1      | Lanoc the Formicid Venom Mage began the quest for the Orb.
     0 | D:1      | Reached XP level 1. HP: 13/13 MP: 3/3
   359 | D:2      | Reached XP level 2. HP: 4/19 MP: 0/5
   904 | D:2      | Slain by an adder

Illustrated notes

Levels and vault maps discovered:
D:1:      wander_arrival_fairy_ring, layout_rooms, serial_shops,
          nicolae_shop_statue_plus
D:2:      layout_loops_ring, dreamdust_ecumenical_altar_statues

Skill      XL: |  1 |
---------------+----+-----
Dodging        | 2 |  2.1
Stealth        | |  2.4
Spellcasting   | |  2.1
Transmutations | |  1.1
Poison Magic   | |  4.8

Action                   || total
-------------------------++-------
Melee: Unarmed           ||    10
 Cast: Sting             ||    16
Armor: Robe              ||     1
Dodge: Dodged            ||    12

Table legend: (Time is in decaauts)
 A = Elapsed time spent in this place.
 B = Non-inter-level travel time spent in this place.
 C = Inter-level travel time spent in this place.
 D = Time resting spent in this place.
 E = Time spent auto-exploring this place.
 F = Levels seen in this place.
 G = Mean time per level.
                   A        B        C        D        E       F      G
               +--------+--------+--------+--------+--------+-----+--------+
         Total |    903 |    903 |      0 |      0 |    803 |   2 |  451.5 |
       Dungeon |    903 |    903 |      0 |      0 |    803 |   2 |  451.5 |
               +--------+--------+--------+--------+--------+-----+--------+

Top non-repeatable levels by time:
     D:2: 548 daAuts
     D:1: 355 daAuts
